Map: [ESL] Goldenaura

Players

SpeCial

  • Race: Terran Terran
  • League: Master
  • Spawn Location: 5:00

Scarlett - Winner!

  • Race: Zerg Zerg
  • Spawn Location: 12:00

Event: IEM Katowice 2024

VOD

Have the link to the VOD?

Description

Time

  • Played on: Dec. 10, 2023, 9:14 p.m.
  • Length: 10:12

All games in this series

Show
View Real Time Build Order
Export as new Build Order

SpeCial Terran 

Build Orders:  

Get SALT Encoding   

  12  0:00  SCV  
  13  0:12  SCV  
  14  0:17  Supply Depot  
  14  0:24  SCV  
  15  0:38  SCV  
  15  0:39  Barracks  
  16  0:43  Refinery  
  16  0:50  SCV  
  17  1:03  SCV  
  18  1:15  SCV  
  19  1:27  Orbital Command  
  19  1:36  Command Center  
  19  1:46  Factory  
  19  1:50  Marine  
  19  1:54  SCV  
  21  1:59  Refinery  
  21  2:06  SCV  
  21  2:08  Barracks Reactor  
  22  2:11  Supply Depot  
  22  2:18  SCV  
  23  2:33  Hellion, SCV  
  23  2:34  Starport  
  26  2:45  SCV  
  26  2:49  Orbital Command  
  26  2:50  Marine  
  26  2:51  Marine  
  29  2:58  SCV  
  30  3:07  Marine  
  30  3:08  Marine  
  32  3:15  Fusion Core  
  32  3:17  SCV x2  
  34  3:21  Starport Tech Lab  
  34  3:23  Supply Depot  
  34  3:29  SCV x2  
  36  3:41  SCV x2  
  36  3:49  Command Center  
  36  3:53  SCV  
  37  3:56  SCV  
  38  4:05  SCV  
  38  4:06  Battlecruiser  
  38  4:09  Supply Depot  
  45  4:12  SCV  
  46  4:17  SCV, Marine x2  
  50  4:24  SCV  
  50  4:29  SCV  
  50  4:30  Weapon Refit  
  51  4:34  Refinery  
  51  4:36  Marine x2, SCV  
  54  4:41  SCV  
  54  4:44  Barracks  
  55  4:48  SCV  
  55  4:49  Supply Depot  
  55  4:50  Barracks  
  56  4:53  SCV  
  57  5:00  SCV  
  57  5:01  Orbital Command  
  60  5:09  SCV  
  60  5:12  SCV  
  60  5:15  Battlecruiser  
  60  5:16  Marine  
  60  5:20  Refinery  
  67  5:22  SCV  
  67  5:24  Factory Tech Lab, SCV  
  67  5:26  Orbital Command  
  69  5:34  SCV, Engineering Bay  
  70  5:36  SCV  
  70  5:39  Marine x2, Engineering Bay  
  70  5:42  Barracks Tech Lab  
  73  5:46  SCV  
  73  5:49  SCV  
  75  5:51  SCV  
  75  5:53  Factory Reactor  
  75  5:54  Stimpack, Marine  
  75  5:56  Marine  
  75  5:57  Marine  
  78  5:58  SCV  
  78  6:01  SCV  
  78  6:03  Terran Infantry Weapons Level 1, SCV  
  82  6:06  Terran Infantry Armor Level 1  
  82  6:09  Barracks, Supply Depot x2  
  82  6:10  Barracks, Supply Depot, SCV  
  83  6:13  Marine, SCV  
  83  6:16  Combat Shield  
  85  6:26  Refinery  
  85  6:27  Supply Depot x2  
  85  6:30  Marine x2  
  85  6:31  SCV x3  
  90  6:39  Marine x2  
  91  6:43  SCV x3  
  91  6:44  Armory, Supply Depot  
  95  6:48  Marine x2  
  95  6:52  Medivac x2  
  101  6:55  SCV x3  
  101  6:57  Marine x2  
  101  6:58  Siege Tank  
  109  7:02  Supply Depot  
  109  7:07  SCV x3  
  112  7:08  Barracks Reactor  
  112  7:09  Barracks, Barracks Reactor  
  112  7:11  Barracks  
  112  7:15  Marine x3  
  111  7:16  Marine  
  111  7:18  Missile Turret  
  111  7:19  SCV  
  111  7:21  Missile Turret  
  112  7:28  Medivac  
  109  7:33  Medivac, Marine x4  
  115  7:45  Siege Tank  
  115  7:47  SCV x2  
  115  7:48  Marine x2  
  115  7:51  Marine x6  
  119  7:53  SCV  
  119  7:57  Refinery  
  126  8:04  Missile Turret  
  127  8:06  Marine, SCV  
  127  8:09  Marine  
  127  8:10  Marine x2  
  130  8:13  Barracks Tech Lab x2  
  130  8:18  SCV x2  
  132  8:20  SCV  
  132  8:22  Siege Tank  
  132  8:26  Sensor Tower  
  135  8:27  Marauder, Marine x4  
  141  8:38  Bunker  
  141  8:42  Supply Depot x2  
  141  8:44  Marauder, Marine x4  
  145  8:52  Medivac  
  145  8:54  Siege Tank  
  149  8:58  Marine  
  149  9:01  Marauder  
  143  9:05  Marauder, Marine  
  143  9:08  Marine x3  
  143  9:09  Marine x2, Marauder  
  133  9:11  SCV x3  
  133  9:13  Medivac  
  133  9:16  Marine  
  121  9:22  Marauder, Medivac  
  121  9:23  SCV x2, Marine  
  121  9:26  Marine x3  
  121  9:27  Marine, Marauder  
  121  9:28  Marauder  
  121  9:29  Marine  
  130  9:32  SCV  
  130  9:33  Marine  
  130  9:35  SCV x2  
  134  9:40  Marine  
  134  9:42  Engineering Bay  
  135  9:59  SCV  
Show
View Real Time Build Order
Export as new Build Order

Scarlett Zerg - Winner!

Build Orders: Hatch First 

Get SALT Encoding   

  12  0:00  Drone  
  13  0:12  Overlord  
  13  0:16  Drone  
  14  0:30  Drone x2  
  16  0:47  Hatchery  
  15  0:51  Drone  
  15  0:54  Drone  
  17  0:57  Drone  
  18  1:08  Extractor  
  17  1:13  Spawning Pool  
  17  1:16  Drone  
  17  1:19  Drone  
  18  1:28  Drone  
  19  1:38  Drone  
  20  1:49  Drone  
  21  1:59  Queen x2  
  25  2:01  Zergling x4  
  27  2:10  Drone  
  27  2:11  Overlord  
  28  2:23  Hatchery  
  28  2:26  Drone  
  28  2:28  Metabolic Boost  
  28  2:33  Drone  
  28  2:35  Drone  
  30  2:38  Drone  
  31  2:46  Queen  
  31  2:48  Overlord  
  33  2:54  Drone x2  
  35  2:59  Drone  
  36  3:08  Drone x5  
  36  3:11  Queen  
  43  3:17  Drone  
  44  3:24  Overlord  
  44  3:35  Queen  
  44  3:39  Drone x4  
  50  3:44  Drone x4  
  50  3:48  Drone  
  54  3:49  Queen  
  54  3:50  Drone  
  54  3:54  Drone  
  58  4:00  Overlord  
  58  4:07  Lair  
  58  4:08  Spore Crawler x2  
  58  4:09  Spore Crawler  
  55  4:10  Drone x3  
  55  4:15  Overlord  
  58  4:18  Queen  
  58  4:19  Drone x3  
  58  4:22  Overlord  
  63  4:26  Drone x3  
  66  4:32  Overlord  
  66  4:33  Queen  
  66  4:35  Drone x3  
  66  4:38  Drone  
  72  4:42  Overlord  
  72  4:44  Drone x3  
  75  4:48  Overlord  
  75  4:53  Extractor  
  75  4:55  Extractor x2  
  72  5:00  Hatchery  
  72  5:05  Drone x10  
  81  5:12  Queen x2  
  85  5:19  Drone x2  
  85  5:20  Spire  
  86  5:21  Extractor x2, Overlord  
  86  5:25  Drone x3  
  86  5:35  Drone x9  
  91  5:39  Drone, Overlord  
  91  5:41  Overlord  
  96  5:48  Roach Warren  
  94  5:50  Overlord x3  
  94  5:54  Overlord  
  94  5:56  Overseer  
  94  6:04  Baneling Nest  
  94  6:07  Zergling x14  
  94  6:08  Evolution Chamber  
  99  6:11  Evolution Chamber  
  98  6:19  Drone x7  
  105  6:31  Mutalisk x8  
  119  6:36  Zerg Flyer Weapons Level 1  
  119  6:41  Drone x6  
  125  6:49  Zerg Melee Weapons Level 1  
  125  6:50  Zerg Ground Armor Level 1  
  125  6:51  Drone x6  
  131  6:58  Drone  
  132  7:02  Overlord x2  
  132  7:03  Roach x2  
  132  7:07  Hatchery  
  131  7:09  Roach x5  
  131  7:14  Overlord x2  
  131  7:15  Extractor  
  140  7:16  Roach x2  
  144  7:27  Overlord x2  
  144  7:40  Extractor  
  144  7:42  Drone x3  
  144  7:43  Mutalisk x6  
  148  7:45  Zergling x10  
  163  7:53  Ravager x3  
  163  7:54  Zergling x22  
  176  8:03  Zergling x6  
  177  8:08  Baneling x13  
  177  8:12  Zergling x6  
  180  8:17  Overlord x3  
  180  8:18  Zergling x16  
  186  8:25  Centrifugal Hooks  
  186  8:30  Ravager x5  
  186  8:31  Zergling x12  
  197  8:39  Spore Crawler  
  196  8:41  Spore Crawler  
  196  8:44  Hatchery  
  192  8:52  Drone x7  
  192  8:53  Drone  
  189  9:05  Zergling x28  
  193  9:11  Zergling x6  
  175  9:18  Roach  
  175  9:19  Roach x13  
  186  9:27  Zergling x4  
  179  9:33  Baneling x20  
  179  9:39  Ravager  
  179  9:40  Zergling x20, Ravager x5  
  193  9:46  Zergling x14  

Tags
 
Add a new tag
Caveats
  • Supply blocks, unpowered buildings, or Contaminate may cause inaccurate times.
  • Supply counts are checked every 10 seconds.